 Dungeon Crawl Stone Soup version 0.26-a0-542-gbaa144ba5c (webtiles) character file.

Game seed: 1435602665463455201

254 GeoCrane the Poker (level 5, -2/48 HPs)
             Began as a Minotaur Fighter on Aug 18, 2020.
             Killed from afar by an orc wizard (6 damage)
             ... with a magic dart
             ... on level 3 of the Dungeon.
             The game lasted 00:09:54 (3213 turns).

GeoCrane the Poker (Minotaur Fighter)               Turns: 3213, Time: 00:09:56

Health: -2/48      AC:  7    Str: 21    XL:     5   Next: 91%
Magic:  4/4        EV:  7    Int:  5    God:
Gold:   153        SH:  9    Dex: 10    Spells: 4/4 levels left

rFire    . . .     SeeInvis .   a - +0 trident
rCold    . . .     Faith    .   c - +0 kite shield
rNeg     + . .     Spirit   .   b - +0 scale mail
rPois    .         Reflect  .   (helmet restricted)
rElec    .         Harm     .   (no cloak)
rCorr    +                      (no gloves)
MR       .....                  (no boots)
Stlth    ..........             (no amulet)
HPRegen  0.16/turn              s - ring of resist corrosion
MPRegen  0.09/turn              p - ring of positive energy

@: no status effects
A: retaliatory headbutt, horns 2
a: no special abilities


You were on level 3 of the Dungeon.
You visited 1 branch of the dungeon, and saw 4 of its levels.

You collected 153 gold pieces.

Inventory:

Hand Weapons
 a - a +0 trident (weapon)
Armour
 b - a +0 scale mail (worn)
 c - a +0 kite shield (worn)
Jewellery
 g - an uncursed ring of wizardry
 p - a ring of positive energy (right hand)
 s - a ring of resist corrosion (left hand)
Scrolls
 e - 2 scrolls of magic mapping {unknown}
 h - a scroll of blinking {unknown}
 i - 2 scrolls of remove curse {unknown}
 j - a scroll of immolation {unknown}
 m - a scroll of fear {unknown}
 n - a scroll of amnesia {unknown}
 o - 5 scrolls of noise {unknown}
 r - 4 scrolls of identify {unknown}
Potions
 d - a potion of might
 f - a potion of brilliance {unknown}
 k - a potion of stabbing {unknown}
 l - 3 potions of flight {unknown}
 q - a potion of berserk rage {unknown}


   Skills:
 + Level 5.0 Fighting
 * Level 5.6 Polearms
 + Level 5.0 Armour
 - Level 3.6 Shields


You had 4 spell levels left.
You didn't know any spells.
Your spell library was empty.

Dungeon Overview and Level Annotations

Branches:
Dungeon (4/15)
 Temple: D:4-7

Altars:
Qazlal

Annotations:
D:3 Sigmund


Innate Abilities, Weirdness & Mutations

You reflexively headbutt those who attack you in melee.
You have a pair of horns on your head.


Message History

There is an escape hatch in the ceiling, spattered with blood here.
You feel yourself speed up.
The orc wizard looks braver for a moment.
The orc wizard hits you but does no damage. x2
The orc wizard hits you with a +0 dagger.
* * * LOW HITPOINT WARNING * * *
The orc wizard hits you with a +0 dagger.
* * * LOW HITPOINT WARNING * * *
The orc wizard points at you and mumbles some strange words.
You resist with some effort. A mysterious force pulls you upwards.
The hatch slams shut behind you.
Level annotation: Sigmund The orc wizard hits you but does no damage.
The orc wizard casts a spell at you. The magic dart hits you.
* * * LOW HITPOINT WARNING * * *
The orc wizard hits you but does no damage.
The orc wizard casts a spell at you. The magic dart hits you.
You die...

### ### #.. ..# #.#
#.########### #.#
#.##........# ##.###
#.##.######.#
#....###..#.# #.#
#.>........o######.###
#.##......@o.........#
#.######...o######.#.#
#.# ##.#.######.#.####
#.# #.#........#....#
#######.#
#.##########..#.#
......†.# #+# #..#.#
######..# #####..#.#
#......# #........#
#.##..## #.##.#...#


You could see 3 orc wizards.

Vanquished Creatures
  An orc priest (D:3)
  An orc wizard (D:3)
  Terence (D:2)
  A worker ant (D:4)
  Robin (D:2)
  2 gnolls (D:4)
  2 adders (D:2)
  3 worms
  3 dart slugs
  A leopard gecko (D:1)
  3 orcs (D:3)
  A ball python (D:1)
  7 giant cockroaches
  11 goblins (D:2)
  10 hobgoblins
  12 jackals
  10 kobolds
  A ball python skeleton (D:4)
  4 bats
  3 frilled lizards
  9 rats
87 creatures vanquished.

Notes
Turn   | Place    | Note
-------+----------+-------------------------------------------
     0 | D:1      | GeoCrane the Minotaur Fighter began the quest for the Orb.
     0 | D:1      | Reached XP level 1. HP: 19/19 MP: 0/0
   130 | D:1      | Reached XP level 2. HP: 27/27 MP: 1/1
   783 | D:2      | Noticed Terence
   797 | D:2      | Killed Terence
   797 | D:2      | Reached XP level 3. HP: 7/33 MP: 2/2
  1060 | D:2      | Found a stormy altar of Qazlal.
  1352 | D:2      | Noticed Robin
  1360 | D:2      | Reached XP level 4. HP: 40/40 MP: 3/3
  1385 | D:2      | Killed Robin
  1561 | D:2      | Found a faded altar of an unknown god.
  1894 | D:3      | Reached XP level 5. HP: 19/47 MP: 4/4
  2173 | D:3      | Reached skill level 5 in Polearms
  2453 | D:3      | Noticed Sigmund
  2971 | D:4      | Reached skill level 5 in Fighting
  2971 | D:4      | Reached skill level 5 in Armour
  3213 | D:3      | Killed from afar by an orc wizard

Illustrated notes

Levels and vault maps discovered:
D:1:      grunt_arrival_crossed_arrows, layout_basic
D:2:      layout_basic, chequers_ecumenical_altar_simple, grunt_qazlal_clouds,
          uniq_terence, uniq_robin
D:3:      layout_loops_corners, corexii_corridor_pit, uniq_sigmund,
          uniq_crazy_yiuf_cottage
D:4:      layout_cave_pools, serial_shops, nicolae_shop_stone

Skill      XL: |  1  2  3  4  5 |
---------------+----------------+-----
Polearms       | 3 4 5 |  5.6
Fighting       | 4 5 |  5.0
Armour         | 4 5 |  5.0
Shields        | |  3.6

Action                   |  1- 3 |  4- 6 || total
-------------------------+-------+-------++-------
Melee: Trident           |    86 |   169 ||   255
       Headbutt          |     6 |    20 ||    26
Armor: Scale mail        |    23 |    48 ||    71
Dodge: Dodged            |    13 |    28 ||    41
Block: Kite shield       |    23 |    61 ||    84

Table legend: (Time is in decaauts)
 A = Elapsed time spent in this place.
 B = Non-inter-level travel time spent in this place.
 C = Inter-level travel time spent in this place.
 D = Time resting spent in this place.
 E = Time spent auto-exploring this place.
 F = Levels seen in this place.
 G = Mean time per level.
                   A        B        C        D        E       F      G
               +--------+--------+--------+--------+--------+-----+--------+
         Total |   3262 |   3093 |    169 |     85 |   2456 |   4 |  815.5 |
       Dungeon |   3262 |   3093 |    169 |     85 |   2456 |   4 |  815.5 |
               +--------+--------+--------+--------+--------+-----+--------+

Top non-repeatable levels by time:
     D:2: 1136 daAuts
     D:3: 952 daAuts
     D:1: 765 daAuts
     D:4: 408 daAuts
